Map: Last Fantasy LE

Players

Etherodox

  • Race: Terran Terran
  • League: Master
  • Spawn Location: 7:00

SunG - Winner!

  • Race: Protoss Protoss
  • League: Platinum
  • Spawn Location: 3:00

VOD

Have the link to the VOD?

Description

Time

  • Played on: Sept. 5, 2025, 2:25 a.m.
  • Length: 15:12
Show
View Real Time Build Order
Export as new Build Order

Etherodox Terran 

Build Orders:  

Get SALT Encoding   

  12  0:02  SCV  
  13  0:14  SCV  
  13  0:17  Supply Depot  
  14  0:27  SCV  
  15  0:39  SCV  
  15  0:41  Refinery  
  16  0:43  Barracks  
  16  0:52  SCV  
  17  1:04  SCV  
  18  1:18  SCV  
  19  1:30  SCV  
  20  1:34  Reaper  
  21  1:42  Orbital Command  
  21  1:54  Command Center  
  21  2:06  Marine  
  22  2:14  Factory  
  22  2:15  SCV  
  23  2:29  Supply Depot  
  23  2:35  Barracks Tech Lab  
  23  2:41  SCV  
  22  2:53  SCV  
  23  3:08  Barracks, SCV  
  23  3:10  Barracks Reactor  
  24  3:16  Orbital Command  
  24  3:18  Siege Tank  
  25  3:20  SCV  
  25  3:32  SCV  
  26  3:39  Refinery  
  26  3:44  SCV  
  27  3:55  Supply Depot  
  27  3:56  SCV  
  28  4:08  Marine x2  
  29  4:11  Marine  
  29  4:12  Siege Tank  
  33  4:18  Orbital Command  
  33  4:26  SCV  
  33  4:31  Barracks Tech Lab  
  34  4:38  SCV  
  35  4:50  SCV  
  36  4:55  Bunker, SCV  
  37  5:02  SCV  
  38  5:07  SCV  
  38  5:08  Marauder  
  38  5:10  Marine, Stimpack  
  38  5:11  Marine  
  38  5:13  Siege Tank  
  46  5:35  Supply Depot  
  46  5:40  SCV x2, Marine x3  
  46  5:42  Supply Depot  
  51  5:43  Supply Depot  
  51  5:46  Supply Depot  
  51  5:47  Barracks  
  51  5:50  Barracks x2  
  51  5:52  SCV x2  
  53  5:57  Supply Depot, Marine x2  
  55  6:04  SCV x2  
  55  6:08  Supply Depot, Marine  
  58  6:15  Marine  
  58  6:16  SCV x2  
  61  6:19  Supply Depot  
  60  6:29  SCV x2, Marine x2  
  64  6:41  SCV x2  
  66  6:49  Command Center  
  66  6:51  Marine x2  
  68  6:54  Barracks Tech Lab  
  68  7:00  Barracks Tech Lab  
  68  7:02  Starport  
  68  7:06  Combat Shield  
  68  7:10  Marine  
  68  7:12  Barracks Tech Lab  
  68  7:13  Marauder  
  71  7:23  Refinery, SCV x2  
  71  7:25  Refinery  
  73  7:31  Concussive Shells  
  73  7:33  Marauder  
  73  7:34  Marauder  
  73  7:35  SCV  
  72  7:54  Engineering Bay, Widow Mine  
  72  7:57  Marauder  
  76  8:03  Orbital Command  
  76  8:07  SCV x2  
  78  8:16  Widow Mine  
  78  8:18  Marine  
  78  8:19  SCV x2  
  83  8:20  Starport Reactor  
  83  8:22  Marauder x2  
  87  8:30  Orbital Command  
  87  8:32  Marine, Marauder  
  87  8:33  SCV x2  
  92  8:41  Siege Tank  
  92  8:45  SCV x2  
  97  8:57  SCV x3  
  97  9:00  Marine, Marauder x2  
  105  9:05  Missile Turret  
  105  9:09  SCV x2  
  107  9:10  Marine, Marauder  
  107  9:11  Marauder  
  107  9:12  Missile Turret x2, SCV  
  113  9:18  Marine  
  113  9:20  Missile Turret  
  113  9:21  Supply Depot, SCV  
  113  9:23  Missile Turret, Terran Infantry Weapons Level 1  
  115  9:25  SCV, Supply Depot  
  116  9:36  SCV x2  
  116  9:37  SCV  
  119  9:39  Medivac x2  
  119  9:43  Siege Tank  
  126  9:45  Supply Depot  
  126  9:48  SCV  
  127  9:55  Marine x2  
  129  10:04  Refinery  
  129  10:06  Supply Depot  
  129  10:09  Supply Depot x3, Medivac  
  129  10:10  Supply Depot  
  129  10:11  Refinery  
  131  10:16  Siege Tank, Marine  
  131  10:17  Marine  
  131  10:18  Marauder x2  
  140  10:31  Supply Depot  
  140  10:36  Marauder x2  
  140  10:39  Marauder  
  121  11:18  Marine, Marauder x2  
  126  11:20  Marine, Marauder  
  122  11:26  Siege Tank, Marauder  
  122  11:28  Medivac  
  122  11:29  Medivac  
  128  11:36  Marine  
  128  11:39  Marauder  
  131  11:49  Ghost Academy, Marauder x3  
  137  11:58  Medivac x2  
  137  11:59  Siege Tank  
  144  12:14  Command Center  
  127  12:28  SCV x2  
  127  12:40  Marine  
  127  12:41  Siege Tank, Marauder x3  
  137  12:47  SCV  
  137  12:50  Command Center  
  138  12:53  SCV  
  139  12:59  SCV  
  140  13:06  SCV  
  140  13:10  Marauder  
  140  13:11  Marine, Marauder  
  140  13:12  SCV, Marine  
  148  13:18  SCV  
  149  13:21  Starport  
  149  13:23  Fusion Core  
  149  13:25  Armory  
  149  13:26  SCV x2  
  151  13:38  Marine, Marauder x2  
  158  13:55  Marine  
  158  13:56  Hellion, Marauder x2  
  163  14:14  SCV x2  
  163  14:15  Planetary Fortress, Marauder x2  
  169  14:18  SCV  
  169  14:19  Refinery  
  170  14:26  SCV x2  
  170  14:30  SCV  
  173  14:37  Marine x5  
  173  14:38  SCV, Marine  
  180  14:47  Starport Tech Lab  
Show
View Real Time Build Order
Export as new Build Order

SunG Protoss - Winner!

Build Orders:  

Get SALT Encoding   

  12  0:02  Probe  
  13  0:14  Probe  
  14  0:21  Pylon  
  14  0:39  Gateway  
  14  0:45  Gateway  
  14  1:06  Assimilator  
  14  1:07  Assimilator  
  14  1:09  Pylon  
  14  1:12  Probe  
  15  1:24  Probe  
  16  1:36  Probe  
  16  1:38  Cybernetics Core  
  17  1:40  Pylon  
  17  1:45  Assimilator  
  17  1:50  Probe  
  18  2:06  Adept x2  
  18  2:08  Warp Gate  
  22  2:21  Probe  
  23  2:33  Probe  
  24  2:43  Stalker x2  
  24  2:48  Probe  
  28  3:00  Pylon  
  28  3:07  Probe  
  29  3:19  Probe  
  30  3:27  Stalker  
  30  3:28  Stalker  
  34  3:56  Nexus  
  34  4:11  Stalker  
  34  4:12  Zealot  
  38  4:18  Probe  
  39  4:30  Probe  
  40  4:38  Gateway  
  40  4:39  Gateway  
  40  4:42  Probe  
  41  4:53  Twilight Council  
  41  4:54  Probe  
  41  4:58  Robotics Facility  
  42  5:07  Sentry  
  42  5:09  Probe x2  
  42  5:10  Charge  
  46  5:43  Stalker x4  
  54  5:51  Warp Prism  
  54  5:55  Probe  
  54  5:56  Probe  
  58  6:07  Probe  
  58  6:08  Probe  
  58  6:19  Probe  
  57  6:27  Stalker x2  
  61  6:33  Pylon  
  61  6:36  Probe  
  61  6:37  Pylon  
  62  6:51  Probe x2  
  64  7:01  Zealot  
  64  7:02  Zealot x3  
  64  7:03  Probe x2  
  74  7:09  Gateway x2  
  74  7:15  Probe  
  74  7:17  Pylon  
  75  7:36  Zealot  
  75  7:37  Zealot x3  
  67  7:58  Templar Archives  
  67  8:00  Nexus  
  67  8:03  Gateway  
  67  8:04  Gateway  
  67  8:07  Blink, Stalker  
  67  8:08  Stalker x3  
  75  8:16  Immortal  
  75  8:21  Forge  
  79  8:35  High Templar x3  
  85  8:48  Pylon  
  85  8:50  Assimilator, Pylon  
  85  8:51  Assimilator  
  85  8:52  Probe  
  86  9:06  Probe x2  
  88  9:11  Psionic Storm  
  88  9:16  Probe  
  88  9:17  Zealot x3, Probe  
  88  9:18  Zealot x3  
  88  9:19  Probe  
  103  9:24  Probe  
  103  9:25  Probe  
  103  9:27  Probe  
  103  9:28  Protoss Ground Weapons Level 1  
  106  9:44  Immortal  
  110  10:01  Robotics Bay  
  110  10:07  Pylon  
  110  10:10  Pylon  
  110  10:16  Zealot x3  
  116  10:23  Assimilator x2  
  84  11:13  Zealot x5  
  84  11:14  Zealot x3  
  100  11:27  Protoss Ground Weapons Level 2  
  100  11:32  Extended Thermal Lance  
  96  11:50  Pylon  
  96  11:53  Pylon  
  96  11:56  Zealot  
  96  11:57  Zealot x7  
  112  12:01  Gateway  
  112  12:04  Gateway  
  112  12:08  Pylon  
  112  12:11  Robotics Facility  
  112  12:14  Robotics Facility  
  90  12:33  Stalker  
  90  12:34  Stalker x5  
  102  12:40  Nexus  
  102  12:42  High Templar x2  
  106  12:46  Pylon  
  106  12:48  Pylon  
  106  12:51  Colossus x2, Assimilator  
  106  12:55  Assimilator  
  118  13:13  Forge  
  118  13:14  Forge  
  118  13:30  Stalker  
  118  13:31  Stalker x7  
  134  14:05  Stalker x5  
  144  14:12  Immortal x2  
Tags
 
Add a new tag
Caveats
  • Supply blocks, unpowered buildings, or Contaminate may cause inaccurate times.
  • Supply counts are checked every 10 seconds.